 Dungeon Crawl Stone Soup version 0.29.1-15-g9cfb28693d (webtiles) character file.

Game seed: 9722809155027835211

328 dudediamond6 the Covert (level 6, 0/42 HPs)
             Began as an Octopode Brigand on Feb 23, 2023.
             Slain by an ice beast (2 damage)
             ... on level 4 of the Dungeon.
             The game lasted 00:07:14 (3834 turns).

dudediamond6 the Covert (Octopode Brigand)          Turns: 3834, Time: 00:07:14

Health: 0/42       AC:  3    Str: 10    XL:     6   Next: 50%
Magic:  6/6        EV: 12    Int: 14    God:
Gold:   215        SH:  4    Dex: 15    Spells: 5/5 levels left

rFire   . . .      SeeInvis .   a - +2 dagger
rCold   . . .      Faith    .   g - +0 buckler
rNeg    . . .      Spirit   .   p - +2 hat
rPois   .          Reflect  .   (no amulet)
rElec   .          Harm     .   (no ring)
rCorr   .          Rampage  .   (no ring)
Will    .....                   (no ring)
Stlth   +++++.....              (no ring)
HPRegen 0.14/turn               (no ring)
MPRegen 0.10/turn               (no ring)
                                (no ring)
                                (no ring)

@: no status effects
A: almost no armour, amphibious, 8 rings, camouflage 1, gelatinous body 1,
(nimble swimmer 1), tentacles
a: no special abilities


You were on level 4 of the Dungeon.
You visited 1 branch of the dungeon, and saw 4 of its levels.

You collected 215 gold pieces.

Inventory:

Hand Weapons
 a - a +2 dagger (weapon)
Missiles
 b - 12 poisoned darts (quivered)
 c - 3 curare-tipped darts
Armour
 g - a +0 buckler (worn)
 p - a +2 hat (worn)
Jewellery
 q - a +4 ring of evasion
Scrolls
 e - a scroll of identify {unknown}
 f - 2 scrolls of enchant weapon {unknown}
 h - 3 scrolls of teleportation {unknown}
 j - a scroll of enchant armour {unknown}
 m - a scroll of noise {unknown}
 o - a scroll of blinking {unknown}
 s - a scroll of fog {unknown}
Potions
 d - 2 potions of lignification {unknown}
 i - 2 potions of curing {unknown}
 k - a potion of flight {unknown}
 l - 2 potions of heal wounds {unknown}
 n - a potion of degeneration {unknown}
 r - a potion of cancellation {unknown}


   Skills:
 * Level 3.0 Fighting
 - Level 4.0 Short Blades
 - Level 2.0 Throwing
 - Level 1.0 Dodging
 + Level 8.5 Stealth
 * Level 1.0 Shields


You had 5 spell levels left.
You didn't know any spells.
Your spell library contained the following spells:

 Spells                   Type           Power      Damage    Failure   Level
 Beastly Appendage        Tmut           0%         N/A       36%         1
 Wereblood                Tmut           0%         N/A       52%         2
 Spider Form              Tmut/Pois      0%         N/A       75%         3


Dungeon Overview and Level Annotations

Branches:
Dungeon (4/15)
 Temple: D:4-7

Altars:

Shops:
D:3 [([   D:4 *


Innate Abilities, Weirdness & Mutations

You cannot wear most types of armour.
You are amphibious.
You can wear up to eight rings at the same time.
Your skin changes colour to match your surroundings (Stealth+).
Your rubbery body absorbs attacks. (AC +1, EV +1)
((You are camouflaged when in or above water. (Stealth+)))
You have tentacles for arms and can constrict up to eight enemies at once.


Message History

You hit the ice beast.
The ice beast is moderately wounded.
The ice beast hits you but does no damage.
You hit the ice beast but do no damage. Your squeeze misses the ice beast.
The ice beast is moderately wounded.
The ice beast hits you. The ice beast freezes you!
You are too injured to fight recklessly!
You are too injured to fight recklessly!
You are too injured to fight recklessly!
The ice beast attacks as you move away! The ice beast hits you.
The ice beast freezes you!
* * * LOW HITPOINT WARNING * * *
There is an open door here.
The ice beast attacks as you move away! You block the ice beast's attack.
The ice beast attacks as you move away! The ice beast misses you.
The ice beast attacks as you move away! You block the ice beast's attack.
The ice beast attacks as you move away! You block the ice beast's attack.
The ice beast attacks as you move away! The ice beast hits you.
* * * LOW HITPOINT WARNING * * *
The ice beast freezes you!
* * * LOW HITPOINT WARNING * * *
You barely miss the ice beast. You squeeze the ice beast.
The ice beast is moderately wounded.
You block the ice beast's attack.
You hit the ice beast. Your squeeze misses the ice beast.
The ice beast is heavily wounded.
You barely miss the ice beast.
You tentacle-slap the ice beast, but do no damage.
The ice beast is heavily wounded.
The ice beast hits you but does no damage.
You barely miss the ice beast.
The ice beast is heavily wounded.
The ice beast barely misses you.
You barely miss the ice beast.
The ice beast is heavily wounded.
The ice beast closely misses you.
You hit the ice beast. You squeeze the ice beast.
The ice beast is severely wounded.
The ice beast hits you.
You die...

#....##...##)..#...
.##....##...##...#...
.................#...
................#...
#....##........#...
#....##........#... ..
#....#.........#... ...
#....'.........##.. #..
#.@..#.........###'
##..####+###Y...#..........#..
................#..........#.>
......(.........#......(...#..
..........##+#####........##..
+####+####...# ##........##..
...##...##...# #.......)[....
...'.........# #.............
...#.........# #.............


You could see an ice beast.

Vanquished Creatures
  Sigmund (D:2)
  4 gnolls (D:2)
  5 adders
  A worm (D:2)
  3 dart slugs
  7 orcs (D:3)
  10 ball pythons
  6 bats
  5 endoplasms
  5 giant cockroaches
  3 goblins
  4 hobgoblins
  4 jackals (D:3)
  6 kobolds
  3 quokkas
  2 frilled lizards
  12 rats
81 creatures vanquished.

Notes
Turn   | Place    | Note
-------+----------+-------------------------------------------
     0 | D:1      | dudediamond6 the Octopode Brigand began the quest for the
                  | Orb.
     0 | D:1      | Reached XP level 1. HP: 14/14 MP: 1/1
    89 | D:1      | Found a faded altar of an unknown god.
   554 | D:1      | Reached XP level 2. HP: 19/19 MP: 2/2
  1274 | D:2      | Reached XP level 3. HP: 14/24 MP: 3/3
  1275 | D:2      | Reached skill level 6 in Stealth
  1825 | D:2      | Noticed Sigmund
  1828 | D:2      | Killed Sigmund
  1829 | D:2      | Reached skill level 7 in Stealth
  1829 | D:2      | Reached XP level 4. HP: 30/30 MP: 4/4
  1829 | D:2      | Reached XP level 5. HP: 36/36 MP: 5/5
  2230 | D:2      | Reached skill level 8 in Stealth
  2233 | D:2      | Reached XP level 6. HP: 35/41 MP: 6/6
  2560 | D:3      | Found Jaecebb's Antique Armour Shoppe.
  2660 | D:3      | Found Qilois's Antique Weapon Boutique.
  3535 | D:3      | Reached skill level 1 in Shields
  3573 | D:3      | Found Gamuco's Antique Armour Emporium.
  3703 | D:4      | Found Jomeor's Fire Supplies.
  3803 | D:4      | Noticed an ice beast
  3828 | D:4      | HP: 1/42 [ice beast (8)]
  3834 | D:4      | Slain by an ice beast

Illustrated notes

Levels and vault maps discovered:
D:1:      onia_arrival_mini_spirals, layout_loops_corners,
          ebering_ecumenical_altar_box
D:2:      layout_basic, minmay_rat_gold_closets, uniq_sigmund
D:3:      layout_loops_ring, serial_shops, nicolae_shop_overgrown_old_shop,
          nicolae_shop_overgrown_old_shop, nicolae_shop_crystal,
          grunt_ministairs_6
D:4:      layout_gridville, nicolae_shop_fire_sale [nicolae_sub_dead_trees]

Skill      XL: |  1  2  3  4  5  6 |
---------------+-------------------+-----
Stealth        | 7 8 |  8.5
Short Blades   | 3 4 |  4.0
Shields        | 1 |  1.0
Fighting       | 3 |  3.0
Throwing       | |  2.0
Dodging        | |  1.0

Action                   |  1- 3 |  4- 6 || total
-------------------------+-------+-------++-------
Melee: Dagger            |    48 |   104 ||   152
       Tentacles         |     8 |    21 ||    29
       Constrict         |     8 |    21 ||    29
       Punch             |     1 |     2 ||     3
 Stab: Sleeping          |    15 |    18 ||    33
Armor: Skin              |    11 |    13 ||    24
Dodge: Dodged            |    22 |    25 ||    47
Block: Buckler           |     3 |    14 ||    17
